| TOP OF THE 1ST |
|
Norfolk Tides batting - Pitching for Fresno Grizzlies : RHP Danny Bustos
|
|
Pitching: RHP Danny Bustos
|
|
|
Batting: LHB Hyoji Toda
|
0-0: Called Strike 0-1: Ball 1-1: Ball 2-1: Ball 3-1: Foul Ball, location: 2F 3-2: Fly out, F9 (Flyball, 89M, EV 73.1 MPH)
|
|
Batting: LHB Gabe Pace
|
0-0: Ball 1-0: Foul Ball, location: 2F 1-1: Foul Ball, location: 2F 1-2: Ball 2-2: Ball 3-2: Strikes out swinging
|
|
Batting: RHB Mario Saez
|
0-0: Reached on error, E6 (Groundball, 56, EV 93.8 MPH)
|
|
Batting: RHB Mike Hayward
|
0-0: Ball Passed Ball! Mario Saez to third 1-0: Fly out, F8 (Line Drive, 8RM, EV 90.6 MPH)
|
| Top of the 1st over - 0 runs, 0 hits, 1 error, 1 left on base; Norfolk 0 - Fresno 0 |
| BOTTOM OF THE 1ST |
|
Fresno Grizzlies batting - Pitching for Norfolk Tides : RHP Cody Calderon
|
|
Pitching: RHP Cody Calderon
|
|
|
Batting: RHB Paul Shell
|
0-0: Ball 1-0: Called Strike 1-1: Swinging Strike 1-2: Ball 2-2: Strikes out looking
|
|
Batting: LHB Chris Cabrera
|
0-0: Ball 1-0: Foul Ball, location: 2F 1-1: Swinging Strike 1-2: Reached on error, E4 (Groundball, 4, EV 99.4 MPH)
|
|
Batting: RHB Antonio Aranda
|
0-0: Foul Ball, location: 2F 0-1: SINGLE (Flyball, 6D, EV 91.9 MPH) Chris Cabrera to second
|
|
Batting: RHB Dave Glenn
|
0-0: Ball 1-0: Called Strike Chris Cabrera steals 3rd base Antonio Aranda to second 1-1: Foul Ball, location: 2F 1-2: Strikes out swinging
|
|
Batting: LHB Anthony Howie
|
0-0: Called Strike 0-1: Called Strike 0-2: Ball 1-2: Foul Ball, location: 2F 1-2: Foul Ball, location: 2F 1-2: Foul Ball, location: 2F 1-2: Ball 2-2: Ball 3-2: Foul Ball, location: 2F 3-2: Base on Balls
|
|
Batting: RHB Chris Fitzgerald
|
0-0: Ball 1-0: Called Strike 1-1: Ball 2-1: Foul Ball, location: 2F 2-2: Strikes out swinging
|
| Bottom of the 1st over - 0 runs, 1 hit, 1 error, 3 left on base; Norfolk 0 - Fresno 0 |
| TOP OF THE 2ND |
|
Norfolk Tides batting - Pitching for Fresno Grizzlies : RHP Danny Bustos
|
|
Batting: SHB Brian Bentz
|
0-0: Swinging Strike 0-1: Called Strike 0-2: Foul Ball, location: 2F 0-2: Ball 1-2: Ball 2-2: Ball 3-2: Ground out 4-3 (Groundball, 4, EV 98.8 MPH)
|
|
Batting: LHB Tom Edwards
|
0-0: Called Strike 0-1: Ball 1-1: Ball 2-1: Ball 3-1: Ground out 4-3 (Groundball, 34, EV 87.5 MPH)
|
|
Batting: RHB Tony Logan
|
0-0: Ball 1-0: Called Strike 1-1: Fly out, F7 (Flyball, 7D, EV 86.2 MPH)
|
| Top of the 2nd over - 0 runs, 0 hits, 0 errors, 0 left on base; Norfolk 0 - Fresno 0 |
| BOTTOM OF THE 2ND |
|
Fresno Grizzlies batting - Pitching for Norfolk Tides : RHP Cody Calderon
|
|
Batting: LHB Chris Redding
|
0-0: SINGLE (Groundball, 34D, EV 97.5 MPH)
|
|
Batting: SHB Malik Whitted
|
0-0: Called Strike 0-1: Ball 1-1: Ball 2-1: Foul Ball, location: 2F 2-2: Strikes out swinging
|
|
Batting: RHB Joe Berkhahn
|
0-0: Called Strike 0-1: SINGLE (Groundball, 6MD, EV 95.6 MPH) Chris Redding to second Runner from 2nd tries for 3rd, SAFE, throw by CF made to third
|
|
Batting: RHB Paul Shell
|
0-0: Called Strike 0-1: Ball 1-1: Ball 2-1: Foul Ball, location: 2F 2-2: Foul Ball, location: 2F 2-2: Foul Ball, location: 2F 2-2: Foul Ball, location: 2F 2-2: Ball 3-2: Foul Ball, location: 2F 3-2: Base on Balls Joe Berkhahn to second
|
|
Batting: LHB Chris Cabrera
|
0-0: Ball 1-0: Foul Ball, location: 2F 1-1: Fly out, F9 (Flyball, 89M, EV 96.2 MPH) Lined into DP, 9-6 (Flyball, 89M, EV 96.2 MPH)
|
| Bottom of the 2nd over - 0 runs, 2 hits, 0 errors, 2 left on base; Norfolk 0 - Fresno 0 |
| TOP OF THE 3RD |
|
Norfolk Tides batting - Pitching for Fresno Grizzlies : RHP Danny Bustos
|
|
Batting: RHB Min-u Lee
|
0-0: Swinging Strike 0-1: Called Strike 0-2: Ball 1-2: Ball 2-2: Fly out, F8 (Flyball, 78M, EV 91.2 MPH)
|
|
Batting: RHB Jesus Luque
|
0-0: Ground out 5-3 (Groundball, 56S, EV 85.0 MPH)
|
|
Batting: LHB Hyoji Toda
|
0-0: Ball 1-0: Ball 2-0: SINGLE (Groundball, 34S, EV 71.2 MPH) (infield hit)
|
|
Batting: LHB Gabe Pace
|
0-0: Ball 1-0: Ground out U3 (Groundball, 34, EV 81.2 MPH)
|
| Top of the 3rd over - 0 runs, 1 hit, 0 errors, 1 left on base; Norfolk 0 - Fresno 0 |
| BOTTOM OF THE 3RD |
|
Fresno Grizzlies batting - Pitching for Norfolk Tides : RHP Cody Calderon
|
|
Batting: RHB Antonio Aranda
|
0-0: Swinging Strike 0-1: Called Strike 0-2: Foul Ball, location: 2F 0-2: Ball 1-2: Ground out 6-3 (Groundball, 6, EV 101.9 MPH)
|
|
Batting: RHB Dave Glenn
|
0-0: Ball 1-0: Ball 2-0: Ground out 5-3 (Groundball, 56, EV 103.8 MPH)
|
|
Batting: LHB Anthony Howie
|
0-0: Ball 1-0: Called Strike 1-1: Ball 2-1: Called Strike 2-2: Ground out 4-3 (Groundball, 4, EV 105.6 MPH)
|
| Bottom of the 3rd over - 0 runs, 0 hits, 0 errors, 0 left on base; Norfolk 0 - Fresno 0 |
| TOP OF THE 4TH |
|
Norfolk Tides batting - Pitching for Fresno Grizzlies : RHP Danny Bustos
|
|
Batting: RHB Mario Saez
|
0-0: DOUBLE (Flyball, 8LXD, EV 94.4 MPH)
|
|
Batting: RHB Mike Hayward
|
0-0: Ball 1-0: Called Strike 1-1: Ball 2-1: Reached on error, E4 (Groundball, 34, EV 91.2 MPH) Mario Saez to third
|
|
Batting: SHB Brian Bentz
|
0-0: Ball 1-0: Ball 2-0: Called Strike 2-1: Foul Ball, location: 2F 2-2: Foul Ball, location: 2F 2-2: Strikes out looking
|
|
Batting: LHB Tom Edwards
|
0-0: Called Strike 0-1: Ball 1-1: Ball 2-1: Fly out, F9 (Line Drive, 9, EV 86.2 MPH)
|
|
Batting: RHB Tony Logan
|
0-0: Ball 1-0: Swinging Strike 1-1: Ball 2-1: Foul Ball, location: 2F 2-2: Strikes out swinging
|
| Top of the 4th over - 0 runs, 1 hit, 1 error, 2 left on base; Norfolk 0 - Fresno 0 |
| BOTTOM OF THE 4TH |
|
Fresno Grizzlies batting - Pitching for Norfolk Tides : RHP Cody Calderon
|
|
Batting: RHB Chris Fitzgerald
|
0-0: Ball 1-0: Ball 2-0: Foul Ball, location: 2F 2-1: Ball 3-1: Called Strike 3-2: Base on Balls
|
|
Batting: LHB Chris Redding
|
0-0: Fly out, F7 (Flyball, 78D, EV 101.9 MPH)
|
|
Batting: SHB Malik Whitted
|
0-0: Called Strike Chris Fitzgerald steals 2nd, throwing error, E2 Chris Fitzgerald to third 0-1: Foul Ball, location: 2F 0-2: Strikes out swinging
|
|
Batting: RHB Joe Berkhahn
|
0-0: Swinging Strike 0-1: Ball 1-1: Ball 2-1: Ground out U3 (Groundball, 34, EV 85.6 MPH)
|
| Bottom of the 4th over - 0 runs, 0 hits, 1 error, 1 left on base; Norfolk 0 - Fresno 0 |
| TOP OF THE 5TH |
|
Norfolk Tides batting - Pitching for Fresno Grizzlies : RHP Danny Bustos
|
|
Batting: RHB Min-u Lee
|
0-0: Ball 1-0: Fly out, F9 (Flyball, 9D, EV 107.5 MPH)
|
|
Batting: RHB Jesus Luque
|
0-0: Ball 1-0: Ball 2-0: SINGLE (Groundball, 25, EV 71.2 MPH) (infield hit)
|
|
Batting: LHB Hyoji Toda
|
0-0: Ball 1-0: Ball 2-0: Swinging Strike 2-1: Foul Ball, location: 2F 2-2: Reached on error, E6 (Groundball, 56, EV 85.6 MPH) Jesus Luque to second
|
|
Batting: LHB Gabe Pace
|
0-0: Foul Ball, location: 2F 0-1: Ball 1-1: Ball 2-1: Foul Ball, location: 2F 2-2: Foul Ball, location: 2F 2-2: Fly out, F9 (Flyball, 9D, EV 95.0 MPH) Runner from 2nd tags up, SAFE at 3rd, no throw by RF
|
|
Batting: RHB Mario Saez
|
0-0: Ball 1-0: Swinging Strike 1-1: Ball 2-1: SINGLE (Line Drive, 89S, EV 106.2 MPH) Jesus Luque scores Hyoji Toda to second
|
|
Batting: RHB Mike Hayward
|
0-0: Ball 1-0: Called Strike 1-1: Ball 2-1: Swinging Strike 2-2: Foul Ball, location: 2F 2-2: Foul Ball, location: 2F 2-2: Ball 3-2: Strikes out swinging
|
| Top of the 5th over - 1 run, 2 hits, 1 error, 2 left on base; Norfolk 1 - Fresno 0 |
| BOTTOM OF THE 5TH |
|
Fresno Grizzlies batting - Pitching for Norfolk Tides : RHP Cody Calderon
|
|
Batting: RHB Paul Shell
|
0-0: Ball 1-0: Swinging Strike 1-1: SINGLE (Groundball, 6MD, EV 101.9 MPH)
|
|
Batting: LHB Chris Cabrera
|
0-0: Grounds out, U3 (Groundball, 3L, EV 88.1 MPH)
|
|
Batting: RHB Antonio Aranda
|
0-0: Ball 1-0: Ball 2-0: Swinging Strike 2-1: Ball 3-1: DOUBLE (Line Drive, 78M, EV 100.6 MPH) Paul Shell scores
|
|
Batting: RHB Dave Glenn
|
0-0: Foul Ball, location: 2F 0-1: DOUBLE (Line Drive, 89D, EV 106.9 MPH) Antonio Aranda scores
|
|
Batting: LHB Anthony Howie
|
0-0: Intentional Walk
|
|
Batting: RHB Chris Fitzgerald
|
0-0: Ball 1-0: SINGLE (Groundball, 6MD, EV 94.4 MPH) Dave Glenn to third Anthony Howie to second
|
|
Batting: LHB Chris Redding
|
0-0: Fielders Choice at 2nd, 4-6 (Groundball, 4D, EV 101.9 MPH) Dave Glenn scores Anthony Howie to third
|
|
Batting: SHB Malik Whitted
|
0-0: Ball 1-0: Ball 2-0: Ball 3-0: Called Strike 3-1: Base on Balls Chris Redding to second
|
|
Batting: RHB Joe Berkhahn
|
0-0: Ball 1-0: Ball 2-0: Called Strike 2-1: Ball 3-1: Foul Ball, location: 2F 3-2: Base on Balls Anthony Howie scores Chris Redding to third Malik Whitted to second
|
|
Batting: RHB Paul Shell
|
0-0: Ball 1-0: Called Strike 1-1: Ball Wild Pitch! Chris Redding scores Malik Whitted to third Joe Berkhahn to second 2-1: Foul Ball, location: 2F 2-2: Ball 3-2: Strikes out swinging
|
| Bottom of the 5th over - 5 runs, 4 hits, 0 errors, 2 left on base; Norfolk 1 - Fresno 5 |
| TOP OF THE 6TH |
|
Norfolk Tides batting - Pitching for Fresno Grizzlies : RHP Danny Bustos
|
|
Batting: SHB Brian Bentz
|
0-0: Called Strike 0-1: SINGLE (Line Drive, 89S, EV 101.2 MPH)
|
|
Batting: LHB Tom Edwards
|
0-0: Fielders Choice at 2nd, 4-6 (Groundball, 4D, EV 83.1 MPH)
|
|
Batting: RHB Tony Logan
|
0-0: SINGLE (Groundball, 56D, EV 98.8 MPH) Tom Edwards to second Runner from 2nd tries for 3rd, SAFE, throw by LF made to third Tony Logan to second
|
|
Batting: RHB Min-u Lee
|
0-0: Swinging Strike 0-1: Ball 1-1: Swinging Strike 1-2: Strikes out swinging
|
|
Batting: RHB Jesus Luque
|
0-0: Called Strike 0-1: Ground out 6-3 (Groundball, 6, EV 103.1 MPH)
|
| Top of the 6th over - 0 runs, 2 hits, 0 errors, 2 left on base; Norfolk 1 - Fresno 5 |
| BOTTOM OF THE 6TH |
|
Fresno Grizzlies batting - Pitching for Norfolk Tides : RHP Cody Calderon
|
|
Pitching: RHP Jason Fishman
|
|
|
Batting: LHB Chris Cabrera
|
0-0: Called Strike 0-1: Ball 1-1: Ground out 1-3 (Groundball, 13S, EV 63.1 MPH)
|
|
Batting: RHB Antonio Aranda
|
0-0: Foul Ball, location: 2F 0-1: Ball 1-1: Fly out, F8 (Flyball, 8LS, EV 70.6 MPH)
|
|
Batting: RHB Dave Glenn
|
0-0: Ground out 5-3 (Groundball, 5, EV 81.2 MPH)
|
| Bottom of the 6th over - 0 runs, 0 hits, 0 errors, 0 left on base; Norfolk 1 - Fresno 5 |
| TOP OF THE 7TH |
|
Norfolk Tides batting - Pitching for Fresno Grizzlies : RHP Danny Bustos
|
|
Batting: LHB Hyoji Toda
|
0-0: Ball 1-0: DOUBLE (Groundball, 3L, EV 105.0 MPH)
|
|
Batting: LHB Gabe Pace
|
0-0: Called Strike 0-1: Ball 1-1: Foul Ball, location: 2F 1-2: Ball 2-2: Ball 3-2: Foul Ball, location: 2F 3-2: Foul Ball, location: 2F 3-2: Base on Balls
|
|
Pitching: RHP Scott Voss
|
|
|
Batting: RHB Mario Saez
|
0-0: Swinging Strike 0-1: Foul Ball, location: 2F 0-2: Strikes out swinging
|
|
Pitching: RHP Tommy Cunningham
|
|
|
Batting: RHB Mike Hayward
|
0-0: Called Strike Hyoji Toda steals 3rd base 0-1: Foul Ball, location: 2F 0-2: Ball 1-2: Fly out, F7 (Flyball, 7, EV 73.8 MPH) Runner from 3rd tags up, SCORES, throw by LF
|
|
Batting: SHB Brian Bentz
|
0-0: Ball Gabe Pace steals 2nd base 1-0: Ball 2-0: Called Strike 2-1: Ball 3-1: Called Strike 3-2: Foul Ball, location: 2F 3-2: Strikes out swinging
|
| Top of the 7th over - 1 run, 1 hit, 0 errors, 1 left on base; Norfolk 2 - Fresno 5 |
| BOTTOM OF THE 7TH |
|
Fresno Grizzlies batting - Pitching for Norfolk Tides : RHP Jason Fishman
|
|
Batting: LHB Anthony Howie
|
0-0: Called Strike 0-1: Foul Ball, location: 2F 0-2: Foul Ball, location: 2F 0-2: Strikes out swinging
|
|
Batting: RHB Chris Fitzgerald
|
0-0: Ground out 5-3 (Groundball, 56, EV 91.2 MPH)
|
|
Batting: LHB Chris Redding
|
0-0: Foul Ball, location: 2F 0-1: Called Strike 0-2: Ball 1-2: Ground out 4-3 (Groundball, 4, EV 80.0 MPH)
|
| Bottom of the 7th over - 0 runs, 0 hits, 0 errors, 0 left on base; Norfolk 2 - Fresno 5 |
| TOP OF THE 8TH |
|
Norfolk Tides batting - Pitching for Fresno Grizzlies : RHP Tommy Cunningham
|
|
Batting: LHB Tom Edwards
|
0-0: Foul Ball, location: 2F 0-1: Hit by Pitch
|
|
Batting: RHB Tony Logan
|
0-0: Ball 1-0: Ball 2-0: Ball 3-0: Called Strike 3-1: Reached on error, E5 (Groundball, 5, EV 82.5 MPH) Tom Edwards to second
|
|
Batting: LHB Josh Downs
|
0-0: SINGLE (Groundball, 3D, EV 103.8 MPH) Tom Edwards to third Tony Logan to second Runner from 3rd tries for Home, SAFE, throw by RF to home
|
|
Batting: RHB Jesus Luque
|
0-0: Ball 1-0: Sac Bunt to 23 - play at first, batter safe! Tony Logan to third Josh Downs to second
|
|
Batting: LHB Hyoji Toda
|
0-0: Fly out, F9 (Flyball, 89M, EV 87.5 MPH) Runner from 3rd tags up, SCORES, throw by RF
|
|
Now in RF: Mike Davis
|
|
|
Batting: LHB Gabe Pace
|
0-0: Ball 1-0: Ball 2-0: Foul Ball, location: 2F 2-1: Swinging Strike 2-2: Foul Ball, location: 2F 2-2: Ball 3-2: Strikes out swinging
|
|
Batting: RHB Mario Saez
|
0-0: Foul Ball, location: 2F 0-1: Swinging Strike 0-2: Ball 1-2: DOUBLE (Flyball, 78XD, EV 100.6 MPH) Josh Downs scores Jesus Luque to third Runner from 3rd tries for Home, SAFE, throw by LF to home
|
|
Pitching: RHP Harry Christopher
|
|
|
Batting: RHB Mike Hayward
|
0-0: Called Strike 0-1: Ball 1-1: Swinging Strike 1-2: Ball 2-2: Foul Ball, location: 2F 2-2: Strikes out swinging
|
| Top of the 8th over - 4 runs, 3 hits, 1 error, 1 left on base; Norfolk 6 - Fresno 5 |
| BOTTOM OF THE 8TH |
|
Fresno Grizzlies batting - Pitching for Norfolk Tides : RHP Jason Fishman
|
|
Batting: SHB Malik Whitted
|
0-0: Foul Ball, location: 2F 0-1: Foul Ball, location: 2F 0-2: Strikes out swinging
|
|
Pinch Hitting: LHB Alexis Montoya
|
0-0: Ball 1-0: Swinging Strike 1-1: Ball 2-1: Swinging Strike 2-2: Ground out U3 (Groundball, 34, EV 102.5 MPH)
|
|
Batting: RHB Paul Shell
|
0-0: Foul Ball, location: 2F 0-1: SINGLE (Line Drive, 7S, EV 103.1 MPH)
|
|
Pitching: LHP Kyohei Koyama
|
|
|
Batting: LHB Chris Cabrera
|
0-0: Ball 1-0: Ball 2-0: Fly out, F4 (Line Drive, 4, EV 66.2 MPH)
|
| Bottom of the 8th over - 0 runs, 1 hit, 0 errors, 1 left on base; Norfolk 6 - Fresno 5 |
| TOP OF THE 9TH |
|
Norfolk Tides batting - Pitching for Fresno Grizzlies : RHP Harry Christopher
|
|
Pitching: RHP Jose Guajardo
|
|
|
Now at 1B: Alexis Montoya
|
|
|
Now at 2B: Paul Shell
|
|
|
Now at SS: Chris Fitzgerald
|
|
|
Batting: SHB Brian Bentz
|
0-0: Called Strike 0-1: SINGLE (Groundball, 34D, EV 109.4 MPH)
|
|
Batting: LHB Tom Edwards
|
0-0: Ball 1-0: Swinging Strike 1-1: Ball 2-1: Ball 3-1: Called Strike 3-2: Strikes out swinging
|
|
Batting: RHB Tony Logan
|
0-0: Ball 1-0: Ball 2-0: Ball 3-0: Base on Balls Brian Bentz to second
|
|
Batting: LHB Josh Downs
|
0-0: Called Strike 0-1: Swinging Strike 0-2: Ball 1-2: Ball 2-2: Fly out, F7 (Flyball, 7, EV 89.4 MPH)
|
|
Batting: RHB Jesus Luque
|
0-0: Called Strike 0-1: Ball 1-1: Ball 2-1: Called Strike 2-2: Ball 3-2: DOUBLE (Line Drive, 89D, EV 101.2 MPH) Brian Bentz scores Tony Logan to third Tony Logan scores
|
|
Batting: LHB Hyoji Toda
|
0-0: Ball 1-0: Foul Ball, location: 2F 1-1: Swinging Strike 1-2: Foul Ball, location: 2F 1-2: Foul Ball, location: 2F 1-2: Ground out 5-3 (Groundball, 5, EV 94.4 MPH)
|
| Top of the 9th over - 2 runs, 2 hits, 0 errors, 1 left on base; Norfolk 8 - Fresno 5 |
| BOTTOM OF THE 9TH |
|
Fresno Grizzlies batting - Pitching for Norfolk Tides : LHP Kyohei Koyama
|
|
Pitching: LHP Bubba Fields
|
|
|
Batting: LHB Mike Davis
|
0-0: Called Strike 0-1: Ball 1-1: Called Strike 1-2: Foul Ball, location: 2F 1-2: Foul Ball, location: 2F 1-2: Ball 2-2: Fly out, F8 (Flyball, 8LM, EV 86.2 MPH)
|
|
Batting: RHB Dave Glenn
|
0-0: Ball 1-0: Foul Ball, location: 2F 1-1: Called Strike 1-2: Strikes out swinging, 2-3 out at first.
|
|
Batting: LHB Anthony Howie
|
0-0: Swinging Strike 0-1: Ball 1-1: Foul Ball, location: 2F 1-2: Ball 2-2: Foul Ball, location: 2F 2-2: Ball 3-2: Ground out 3-1 (Groundball, 34S, EV 84.4 MPH)
|
| Bottom of the 9th over - 0 runs, 0 hits, 0 errors, 0 left on base; Norfolk 8 - Fresno 5 |
|